Map: Nightshade LE

Players

Ratl - Winner!

  • Race: Protoss Protoss
  • League: Silver
  • Spawn Location: 11:00

blito

  • Race: Terran Terran
  • League: Silver
  • Spawn Location: 5:00

VOD

Have the link to the VOD?

Description

Time

  • Played on: Feb. 9, 2020, 2:58 p.m.
  • Length: 13:48
Show
View Real Time Build Order
Export as new Build Order

Ratl Protoss - Winner!

Build Orders:  

Get SALT Encoding   

  12  0:02  Probe  
  13  0:14  Probe  
  13  0:19  Pylon  
  14  0:26  Probe  
  15  0:38  Probe  
  15  0:40  Gateway  
  16  0:50  Probe  
  16  0:54  Assimilator  
  17  1:02  Probe  
  18  1:14  Probe  
  19  1:24  Gateway  
  19  1:27  Probe  
  20  1:32  Pylon  
  20  1:39  Probe  
  21  1:42  Assimilator  
  21  1:47  Cybernetics Core  
  21  1:51  Probe  
  22  2:03  Probe  
  23  2:15  Probe  
  24  2:20  Nexus  
  24  2:27  Probe  
  25  2:32  Warp Gate (Chrono Boost)  
  25  2:36  Stalker  
  27  2:39  Probe, Stalker  
  29  2:51  Probe  
  29  2:56  Pylon  
  30  3:03  Probe  
  30  3:04  Pylon  
  31  3:14  Stalker  
  31  3:15  Probe  
  31  3:17  Stalker  
  36  3:31  Probe (Chrono Boost)  
  36  3:32  Probe (Chrono Boost)  
  40  3:42  Probe (Chrono Boost)  
  40  3:44  Probe (Chrono Boost)  
  40  3:47  Probe (Chrono Boost), Stalker  
  40  3:48  Stalker  
  44  3:52  Probe  
  46  3:57  Robotics Facility  
  46  4:01  Probe  
  47  4:04  Probe  
  48  4:13  Probe  
  48  4:16  Probe  
  50  4:22  Forge  
  50  4:23  Gateway  
  50  4:25  Probe  
  50  4:28  Probe  
  52  4:32  Assimilator  
  52  4:34  Assimilator  
  52  4:37  Probe  
  53  4:40  Probe  
  54  4:49  Probe  
  54  4:52  Probe  
  56  4:56  Stalker x2  
  59  5:01  Probe  
  56  5:17  Protoss Ground Weapons Level 1 (Chrono Boost)  
  56  5:19  Probe  
  56  5:20  Probe  
  58  5:31  Probe  
  58  5:32  Probe, Observer  
  61  5:44  Probe  
  62  5:54  Nexus  
  62  6:08  Pylon x2  
  62  6:09  Pylon  
  62  6:15  Twilight Council  
  62  6:20  Pylon  
  62  6:25  Gateway  
  62  6:26  Probe x2, Immortal  
  62  6:28  Gateway  
  62  6:30  Gateway  
  68  6:32  Pylon  
  68  6:38  Probe x2  
  68  6:39  Forge  
  70  6:49  Robotics Bay  
  70  6:50  Probe  
  70  6:52  Robotics Facility  
  71  6:57  Gateway  
  71  6:58  Probe  
  72  7:02  Probe  
  73  7:10  Probe  
  73  7:12  Probe  
  73  7:14  Probe  
  73  7:15  Assimilator  
  76  7:17  Assimilator, Blink  
  76  7:19  Pylon  
  76  7:20  Pylon  
  76  7:21  Stalker x2  
  80  7:23  Probe  
  80  7:24  Probe  
  80  7:29  Protoss Ground Weapons Level 2 (Chrono Boost)  
  82  7:35  Observer  
  83  7:40  Extended Thermal Lance  
  83  7:42  Colossus  
  89  7:46  Probe x3  
  92  7:58  Probe x2  
  92  7:59  Probe  
  92  8:00  Stalker x3  
  92  8:01  Stalker x4  
  109  8:08  Dark Shrine  
  109  8:19  Probe x2  
  112  8:20  Probe  
  112  8:24  Stalker x3  
  112  8:25  Stalker x2  
  112  8:26  Immortal  
  122  8:31  Probe x2  
  122  8:32  Probe  
  129  8:42  Nexus  
  129  8:46  Protoss Ground Armor Level 1 (Chrono Boost), Stalker x2  
  123  9:10  Immortal  
  105  9:17  Stalker x2  
  105  9:18  Stalker x5  
  109  9:26  Colossus  
  113  9:41  Stalker x3  
  113  9:42  Stalker x3  
  113  10:06  Protoss Ground Weapons Level 3 (Chrono Boost), Colossus  
  117  10:12  Colossus  
  117  10:15  Stargate  
  117  10:17  Stargate x2  
  123  10:34  Protoss Ground Armor Level 2 (Chrono Boost)  
  123  10:54  Protoss Air Weapons Level 1 (Chrono Boost)  
  119  10:57  Colossus (Chrono Boost)  
  119  10:59  Pylon  
  119  11:00  Pylon  
  125  11:09  Void Ray x2  
  133  11:16  Immortal (Chrono Boost)  
  137  11:34  Stalker x6  
  137  11:35  Stalker  
  151  11:43  Warp Prism  
  153  11:47  Pylon  
  153  11:48  Pylon  
  153  11:50  Pylon x2  
  153  12:03  Void Ray (Chrono Boost)  
  165  12:12  Void Ray (Chrono Boost)  
  165  12:13  Immortal (Chrono Boost)  
  165  12:19  Immortal (Chrono Boost)  
  173  12:26  Void Ray (Chrono Boost)  
  173  12:47  Immortal (Chrono Boost)  
  177  12:53  Fleet Beacon  
  133  13:25  Stalker  
  133  13:26  Stalker x6  
  147  13:44  Gateway  
  147  13:47  Gateway  
  147  13:48  Gateway  
Show
View Real Time Build Order
Export as new Build Order

blito Terran 

Build Orders:  

Get SALT Encoding   

  12  0:01  SCV  
  13  0:13  SCV  
  14  0:21  Supply Depot  
  14  0:26  SCV  
  15  0:43  SCV  
  15  0:49  Barracks  
  16  0:55  SCV  
  17  1:08  SCV  
  18  1:15  Refinery  
  18  1:34  Barracks  
  18  1:35  SCV  
  19  1:42  Supply Depot  
  19  1:48  SCV  
  20  2:03  Marine  
  21  2:21  SCV, Refinery  
  22  2:33  SCV, Barracks Tech Lab  
  23  2:53  Barracks Reactor  
  23  3:01  SCV  
  23  3:04  Factory  
  24  3:13  Marine  
  25  3:27  Command Center  
  25  3:31  Stimpack  
  25  3:33  Marine x2  
  28  3:34  Reaper  
  28  3:43  Orbital Command  
  28  3:58  Supply Depot  
  27  4:03  Marine x2  
  27  4:06  Factory Tech Lab  
  27  4:08  Factory  
  29  4:16  Marine  
  30  4:21  Marine x2  
  32  4:26  Barracks  
  32  4:34  Supply Depot  
  32  4:36  Marine  
  33  4:39  Marine x2  
  34  5:02  Marine  
  34  5:04  Marine x2  
  29  5:17  Barracks Reactor, Factory Tech Lab  
  29  5:20  Marine  
  27  5:23  Marine  
  27  5:24  Marine  
  29  5:41  Marauder  
  31  5:44  Siege Tank x2  
  37  5:51  Starport  
  37  5:53  Marine  
  37  5:54  Marine x2  
  37  5:55  Marine  
  41  6:05  SCV  
  42  6:17  SCV  
  43  6:29  SCV  
  43  6:31  SCV  
  45  6:42  SCV  
  46  6:52  Supply Depot, Starport Reactor  
  46  6:54  Supply Depot  
  46  7:11  Combat Shield  
  46  7:13  Marine x3, SCV x2, Siege Tank  
  54  7:16  Marine x2, Siege Tank  
  54  7:18  Engineering Bay  
  59  7:25  SCV x2, Supply Depot, Engineering Bay  
  59  7:28  Supply Depot  
  61  7:31  Marine  
  62  7:51  Siege Tank x2  
  69  7:58  SCV  
  69  8:00  Orbital Command  
  69  8:09  Marine x3  
  69  8:10  Marine x2, SCV  
  75  8:22  SCV  
  75  8:26  Terran Infantry Weapons Level 1  
  76  8:27  Terran Infantry Armor Level 1  
  76  8:42  Marine x2  
  78  9:07  Marine  
  78  9:09  Marine  
  78  9:14  Marine x3  
  78  9:17  Siege Tank x2  
  59  9:25  Marine  
  59  9:27  Marine  
  59  9:31  Medivac  
  57  9:32  Marine  
  55  9:44  Refinery  
  55  9:46  Refinery  
  55  9:47  SCV x2  
  55  9:49  Siege Tank  
  60  9:59  SCV x2  
  57  10:07  Medivac x2  
  57  10:11  SCV x2, Marine x2  
  57  10:12  Marine x3  
  68  10:29  Marine x2  
  70  10:36  Supply Depot  
  70  10:48  Command Center  
  70  10:51  Marine  
  70  10:53  Marine  
  70  10:57  Marine x2  
  70  11:13  Marine x3  
  70  11:15  Marine x2, Siege Tank  
  78  11:23  Siege Tank  
  81  11:40  Marine x4  
  81  11:41  Marine  
  86  11:47  Siege Tank  
  86  11:52  Supply Depot  
  89  11:55  Supply Depot, Siege Tank  
  89  11:58  Medivac, Supply Depot  
  89  11:59  Marine x4, Supply Depot, Medivac  
  100  12:19  Siege Tank  
  103  12:33  Orbital Command  
  80  13:15  Viking x2  
  80  13:17  Marine x3  
  80  13:18  Marine x2  
Tags
 
Add a new tag
Caveats
  • Supply blocks, unpowered buildings, or Contaminate may cause inaccurate times.
  • Supply counts are checked every 10 seconds.